 Dungeon Crawl Stone Soup version 0.27-a0-860-gaf99fae3ca (webtiles) character file.

Game seed: 15741954514019895232

121 onyshiwa the Skirmisher (level 4, 0/42 HPs)
             Began as a Minotaur Berserker on Mar 31, 2021.
             Was a Believer of Trog.
             Slain by a gnoll
             ... wielding a +4 halberd
              (11 damage)
             ... on level 3 of the Dungeon.
             The game lasted 00:16:12 (1968 turns).

onyshiwa the Skirmisher (Minotaur Berserker)        Turns: 1968, Time: 00:16:12

Health: 0/42       AC:  9    Str: 23    XL:     4   Next: 77%
Magic:  3/3        EV:  8    Int:  4    God:    Trog [**....]
Gold:   52         SH:  0    Dex:  9    Spells: 3/3 levels left

rFire    . . .     SeeInvis .   a - +0 hand axe
rCold    . . .     Faith    .   (no shield)
rNeg     . . .     Spirit   .   j - +0 chain mail
rPois    .         Reflect  .   (helmet restricted)
rElec    .         Harm     .   (no cloak)
rCorr    .         Rampage  .   (no gloves)
Will     .....                  (no boots)
Stlth    ..........             (no amulet)
HPRegen  0.14/turn              (no ring)
MPRegen  0.08/turn              (no ring)

@: no status effects
A: horns 2, retaliatory headbutt
a: Renounce Religion, Berserk, Trog's Hand


You were on level 3 of the Dungeon.
You worshipped Trog.
Trog was pleased with you.
You visited 1 branch of the dungeon, and saw 3 of its levels.

You collected 52 gold pieces.

Inventory:

Hand Weapons
 a - a +0 hand axe (weapon)
Missiles
 m - 9 poisoned darts (quivered)
Armour
 j - a +0 chain mail (worn)
Scrolls
 b - a scroll of noise {unknown}
 c - a scroll of enchant armour {unknown}
 d - a scroll of blinking {unknown}
 g - a scroll of torment {unknown}
 k - a scroll of identify {unknown}
 n - a scroll of enchant weapon {unknown}
Potions
 e - a potion of berserk rage {unknown}
 f - 2 potions of curing {unknown}
 h - a potion of haste {unknown}
 l - a potion of heal wounds {unknown}
 o - a potion of degeneration {unknown}


   Skills:
 * Level 5.0 Fighting
 + Level 4.4 Axes
 + Level 3.5 Armour
 + Level 3.1 Dodging


You had 3 spell levels left.
You didn't know any spells.
Your spell library was empty.

Dungeon Overview and Level Annotations

Branches:
Dungeon (3/15)

Altars:

Shops:
D:3 =


Innate Abilities, Weirdness & Mutations

You have a pair of horns on your head.
You reflexively headbutt those who attack you in melee.


Message History

The gnoll completely misses you.
Press: ? - help, v - describe, . - travel
Here: a gnoll, wielding a +4 halberd The floor.
A gnoll is nearby!
A gnoll is nearby!
You are a level 4 Minotaur Berserker.
You are 62% of the way to level 5.
Play time: 00:14:51 (1938 turns).
Zot will find you in 16040 turns if you stay in this branch and explore no new floors.
Unknown command.
Press: ? - help, v - describe, . - travel The floor.
Press: ? - help, v - describe, . - travel The floor.
A gnoll is nearby!
The gnoll hits you from afar with a +4 halberd.
The gnoll closely misses you.
You hit the gnoll. You headbutt the gnoll.
The gnoll is heavily wounded.
The gnoll hits you from afar with a +3 halberd!
You see here a bat corpse.
There is a stone staircase leading down here.
You can't go up here!
You hit the gnoll. You headbutt the gnoll.
The gnoll is severely wounded.
You barely miss the gnoll.
The gnoll is severely wounded.
The gnoll hits you with a +0 club.
The gnoll hits you from afar with a +4 halberd.
You closely miss the gnoll. Your headbutt misses the gnoll.
The gnoll is severely wounded.
The gnoll hits you with a +0 club. The gnoll closely misses you.
You hit the gnoll. You headbutt the gnoll.
You kill the gnoll!
Trog accepts your kill.
The gnoll hits you from afar with a +4 halberd!
* * * LOW HITPOINT WARNING * * *
Your Fighting skill increases to level 5!
The gnoll hits you from afar with a +4 halberd!
You die...

##.....#...# ##......### ########
####..###### #......
##.........#####.†.#
###..#.#.###.....#'#.#
..............##.'∩'.#
..####...####..###'### ..##
##..........#.######
...######...g≈g.@.......###
.>).........#≈#..#....#...#######
.##########.#≈≈.....#............
.# #.##≈≈###.............# ##
#...≈.#.......###...... #
####≈.#.####.## ###.... # #≈≈..
#.# #.... #≈≈# #<# ##### . #.#


You could see 2 gnolls.

Vanquished Creatures
  A jelly (D:3)
  2 gnolls (D:3)
  2 adders (D:2)
  A worm (D:2)
  2 ball pythons
  4 endoplasms
  7 giant cockroaches
  3 goblins
  5 hobgoblins
  4 jackals (D:1)
  A quokka (D:2)
  4 bats
  4 frilled lizards
  3 kobolds
  7 rats
50 creatures vanquished.

Notes
Turn   | Place    | Note
-------+----------+-------------------------------------------
     0 | D:1      | onyshiwa the Minotaur Berserker began the quest for the
                  | Orb.
     0 | D:1      | Reached XP level 1. HP: 19/19 MP: 0/0
   261 | D:1      | Reached XP level 2. HP: 24/27 MP: 1/1
   373 | D:1      | Found a faded altar of an unknown god.
   448 | D:1      | Reached skill level 4 in Fighting
   932 | D:2      | Reached XP level 3. HP: 32/33 MP: 2/2
  1247 | D:2      | Reached ** piety under Trog
  1806 | D:3      | Reached XP level 4. HP: 39/41 MP: 3/3
  1826 | D:3      | Found Pebub's Jewellery Shoppe.
  1956 | D:3      | Reached skill level 5 in Fighting
  1968 | D:3      | Slain by a gnoll

Illustrated notes

Levels and vault maps discovered:
D:1:      nzn_arrival_crosshair, layout_basic, basic_ecumenical_altar
D:2:      layout_basic, serial_glass, glass_columns_a, glass_columns_a,
          glass_columns_a, glass_columns_a, glass_columns_a, glass_columns_a,
          minmay_misc_feat_four_crosses, supply_closet_lemuel,
          minmay_split_cup_small
D:3:      layout_rooms, serial_shops, nicolae_shop_behind_doors,
          chequers_serial_rivers_small_a

Skill      XL: |  1  2  3  4 |
---------------+-------------+-----
Fighting       | 4 5 |  5.0
Axes           | 4 |  4.4
Armour         | 3 |  3.5
Dodging        | 3 |  3.1

Action                   |  1- 3 |  4- 6 || total
-------------------------+-------+-------++-------
Melee: Hand axe          |    90 |    14 ||   104
       Headbutt          |    10 |     6 ||    16
Invok: Berserk           |     1 |       ||     1
Armor: Leather armour    |    12 |       ||    12
       Chain mail        |     4 |     3 ||     7
Dodge: Dodged            |    49 |     6 ||    55

Table legend: (Time is in decaauts)
 A = Elapsed time spent in this place.
 B = Non-inter-level travel time spent in this place.
 C = Inter-level travel time spent in this place.
 D = Time resting spent in this place.
 E = Time spent auto-exploring this place.
 F = Levels seen in this place.
 G = Mean time per level.
                   A        B        C        D        E       F      G
               +--------+--------+--------+--------+--------+-----+--------+
         Total |   1990 |   1950 |     40 |     69 |   1376 |   3 |  663.3 |
       Dungeon |   1990 |   1950 |     40 |     69 |   1376 |   3 |  663.3 |
               +--------+--------+--------+--------+--------+-----+--------+

Top non-repeatable levels by time:
     D:1: 930 daAuts
     D:2: 833 daAuts
     D:3: 226 daAuts
